 Dungeon Sprint DCSS version 0.18.1-50-g88ac8fd (webtiles) character file.

2000000 rob the Skullcrusher (level 18, -16/236 HPs)
             Began as a Troll Berserker on Mar 29, 2018.
             Was a High Priest of Trog.
             Demolished by a bag of meat
             ... wielding a +9 war axe
              (37 damage)
             ... in the Dungeon (Sprint VIII: "Arena of Blood").
             The game lasted 00:03:02 (20 turns).

rob the Skullcrusher (Troll Berserker)                Turns: 20, Time: 00:03:10

Health: -16/236    AC:  5    Str: 36    XL:     18   Next: 37%
Magic:  17/17      EV: 20    Int:  3    God:    Trog [*****.]
Gold:   0          SH:  0    Dex:  9    Spells: 0 memorised, 17 levels left

rFire  . . .     SeeInvis .     j - +∞ Axe of Woe
rCold  . . .     Gourm    +     b - +0 animal skin
rNeg   . . .     Faith    .     (shield currently unavailable)
rPois  .         Spirit   .     (helmet restricted)
rElec  .         Dismiss  .     (no cloak)
rCorr  .         Reflect  .     (gloves unavailable)
SustAt .         Harm     .     (boots unavailable)
MR     +....     NoTele   +     (no amulet)
Stlth  +.........               (no ring)
                                l - +30 ring of slaying

@: exhausted, slowed, very slow, somewhat resistant to hostile enchantments,
very unstealthy
A: unfitting armour, claws 3, fast metabolism 3, gourmand, regeneration 2,
shaggy fur 1, tough skin 2
a: Berserk, Trog's Hand, Brothers in Arms, Burn Spellbooks, Renounce Religion


You were in the Dungeon.
You worshipped Trog.
Trog was extremely pleased with you.
You were not hungry.

You visited 1 branch

Inventory:

Hand Weapons
 a - a +0 mace
 j - the +∞ Axe of Woe (weapon)
   (You found it in the Dungeon)
 k - a +9 battleaxe
Armour
 b - a +0 animal skin (worn)
Jewellery
 l - a +30 ring of slaying (left claw)
 m - a +30 ring of slaying
Scrolls
 i - a scroll of blinking
Potions
 d - a potion of curing
 f - a potion of haste
 g - 2 potions of magic
 h - a potion of berserk rage
Comestibles
 c - 2 bread rations


   Skills:
 O Level 27 Fighting
 + Level 18.6(23.8) Axes
 O Level 27 Maces & Flails
 O Level 27 Dodging


You had 17 spell levels left.
You didn't know any spells.

Dungeon Overview and Level Annotations

Branches:
Dungeon (1/1)

Altars:
Makhleb


Innate Abilities, Weirdness & Mutations

You are too large for most types of armour.
You have claws for hands.
Your metabolism is lightning-fast.
You like to eat raw meat.
You heal very quickly.
You are covered in fur (AC +1).
You have very tough skin (AC +2).


Message History

You slice the bag of meat!!
You hew the bag of meat savagely.
You kill the bag of meat!
Trog accepts your kill. Something appears at your feet! Trog grants you a gift!
Your base Axes skill gained 3 levels and is now at level 18!
You hear a shout! x14
The bag of meat hits you with a +9 war axe!!
* * * LOW HITPOINT WARNING * * *
You hear a shout! 2 orcs come into view.
Drink which item? (? for menu, Esc to quit)
You feel much better.
The bag of meat shouts! x2; You hear a shout! x12
The meat berserker hits you with a +9 battleaxe!!
* * * LOW HITPOINT WARNING * * *
You hear a shout!
The bag of meat moves out of view.
The bag of meat hits you with a +9 war axe!!!
You die...

..........
.........
.....o...
#.......# #..
....# oo .###..
o..###...
......###o.......
......_.Co....O.
..#...)@#......
#_.<)O# .....
#.....# ....
......._.........
......###........
o###.. ...###. .
#.. ...# #. ...#
.. .o


You could see a large bag of meat (inner flame), 2 meat berserkers and 6 bags of
meat.

Vanquished Creatures
  5 ogres (D)
  7 orcs (D)
12 creatures vanquished.

Notes
Turn   | Place    | Note
--------------------------------------------------------------
     0 | D        | rob the Troll Berserker began the quest for the Orb.
     0 | D        | Reached XP level 1. HP: 22/22 MP: 0/0
     2 | D        | Noticed a bag of meat
     4 | D        | Noticed a bag of meat
     4 | D        | Noticed a bag of meat
     4 | D        | Noticed a bag of meat
     4 | D        | Noticed a meat berserker
     5 | D        | Noticed a bag of meat
     6 | D        | Noticed a bag of meat
     7 | D        | Noticed a bag of meat
     7 | D        | Killed a bag of meat
     7 | D        | Reached skill level 15 in Maces & Flails
     7 | D        | Reached XP level 2. HP: 55/55 MP: 1/1
     7 | D        | Reached XP level 3. HP: 63/63 MP: 2/2
     7 | D        | Reached XP level 4. HP: 72/72 MP: 3/3
     7 | D        | Reached XP level 5. HP: 80/80 MP: 4/4
     7 | D        | Reached XP level 6. HP: 89/89 MP: 5/5
     7 | D        | Reached XP level 7. HP: 97/97 MP: 6/6
     7 | D        | Reached XP level 8. HP: 106/106 MP: 7/7
     7 | D        | Reached XP level 9. HP: 114/114 MP: 8/8
     7 | D        | Reached XP level 10. HP: 123/123 MP: 9/9
     7 | D        | Reached XP level 11. HP: 131/131 MP: 10/10
     8 | D        | Killed a bag of meat
     8 | D        | Reached ** piety under Trog
     8 | D        | Reached skill level 1 in Axes
     8 | D        | Reached XP level 12. HP: 146/146 MP: 11/11
     8 | D        | Killed a meat berserker
     8 | D        | Reached XP level 13. HP: 162/162 MP: 12/12
     8 | D        | Reached XP level 14. HP: 172/172 MP: 13/13
     9 | D        | Killed a bag of meat
    10 | D        | Noticed a meat berserker
    10 | D        | Killed a bag of meat
    10 | D        | Reached *** piety under Trog
    10 | D        | Reached XP level 15. HP: 185/185 MP: 14/14
    13 | D        | Noticed a meat berserker
    16 | D        | Noticed a meat berserker
    16 | D        | Noticed a meat berserker
    16 | D        | Killed a meat berserker
    16 | D        | Reached skill level 5 in Axes
    16 | D        | Reached **** piety under Trog
    16 | D        | Reached XP level 16. HP: 204/204 MP: 15/15
    16 | D        | Noticed a large bag of meat
    17 | D        | Killed a meat berserker
    17 | D        | Killed a meat berserker
    17 | D        | Reached skill level 27 in Maces & Flails
    17 | D        | Reached XP level 17. HP: 141/222 MP: 16/16
    18 | D        | Noticed a meat berserker
    18 | D        | Reached skill level 10 in Axes
    19 | D        | Killed a meat berserker
    19 | D        | Reached ***** piety under Trog
    19 | D        | Reached skill level 27 in Fighting
    19 | D        | Reached skill level 15 in Axes
    19 | D        | Reached skill level 27 in Dodging
    19 | D        | Reached XP level 18. HP: 58/236 MP: 17/17
    19 | D        | Received a gift from Trog
    20 | D        | Demolished by a bag of meat

Skill      XL: |  1  2  3  4  5  6  7  8  9 10 11 12 13 14 15 16 17 18 |
---------------+-------------------------------------------------------+-----
Fighting       | 14 16 19 20 23 25 27 | 27.0
Maces & Flails | 15 17 20 22 24 27 | 27.0
Dodging        | 14 16 18 20 22 24 27 | 27.0
Axes           | 1 2 4 6 9 15 18 | 18.6

Action                   |  1- 3 |  4- 6 |  7- 9 | 10-12 | 13-15 | 16-18 || total
-------------------------+-------+-------+-------+-------+-------+-------++-------
Melee: Executioner's axe |     1 |       |       |     1 |     3 |     3 ||     8
Invok: Berserk           |     1 |       |       |       |       |       ||     1
  Use: Potion            |       |       |       |       |       |     1 ||     1
Dodge: Dodged            |       |       |       |       |     1 |       ||     1
